 Dungeon Crawl Stone Soup version 0.26.0-9-gab577f9fc5 (webtiles) character file.

Game seed: 17064634222866883741

77 DocSulfur the Grave Robber (level 4, 0/30 HPs)
             Began as a Demonspawn Necromancer on Jan 13, 2021.
             Slain by a goblin
             ... wielding a +0 club
             ... led by Robin
              (5 damage)
             ... on level 3 of the Dungeon.
             The game lasted 00:19:44 (2354 turns).

DocSulfur the Grave Robber (Demonspawn Necromancer) Turns: 2354, Time: 00:19:45

Health: 0/30       AC:  2    Str:  9    XL:     4   Next: 14%
Magic:  5/8        EV: 12    Int: 22    God:
Gold:   126        SH:  0    Dex: 14    Spells: 4/9 levels left

rFire    . . .     SeeInvis .   g - +0 dagger
rCold    . . .     Faith    .   (no shield)
rNeg     . . .     Spirit   .   a - +0 robe
rPois    .         Reflect  .   (helmet restricted)
rElec    .         Harm     .   (no cloak)
rCorr    .         Rampage  .   (no gloves)
Will     .....                  (no boots)
Stlth    ++........             d - amulet of the acrobat
HPRegen  0.10/turn              n - +6 ring of intelligence
MPRegen  0.11/turn              (no ring)

@: no status effects
A: horns 1, powered by death 1
a: no special abilities


You were on level 3 of the Dungeon.
You visited 1 branch of the dungeon, and saw 4 of its levels.

You collected 126 gold pieces.

Inventory:

Hand Weapons
 g - a +0 dagger (weapon)
 i - a cursed -2 dagger
Missiles
 c - 4 javelins (quivered)
 q - 4 boomerangs
 w - 6 poisoned darts
Armour
 a - a +0 robe (worn)
Jewellery
 d - an amulet of the acrobat (around neck)
 n - a +6 ring of intelligence (left hand)
Wands
 o - a wand of flame (21)
Scrolls
 e - a scroll of amnesia {unknown}
 h - a scroll of teleportation {unknown}
 l - a scroll of fog {unknown}
 m - 2 scrolls of blinking {unknown}
 p - a scroll of enchant weapon {unknown}
 r - 2 scrolls of identify {unknown}
 t - 2 scrolls of immolation {unknown}
 v - a scroll of magic mapping {unknown}
Potions
 b - a potion of haste {unknown}
 f - a potion of lignification {unknown}
 j - a potion of magic {unknown}
 k - 2 potions of curing {unknown}
 s - a potion of degeneration {unknown}
 u - a potion of heal wounds {unknown}
 x - a potion of brilliance {unknown}


   Skills:
 - Level 1.7 Dodging
 - Level 1.7 Stealth
 + Level 3.2 Spellcasting
 + Level 5.4 Necromancy


You had 4 spell levels left.
You knew the following spells:

 Your Spells              Type           Power        Failure   Level
a - Pain                  Necr           100%         1%          1
b - Animate Skeleton      Necr           54%          1%          1
c - Vampiric Draining     Necr           13%          4%          3

Your spell library contained the following spells:

 Spells                   Type           Power        Failure   Level
 Animate Dead             Necr           13%          13%         4
 Agony                    Necr           27%          36%         5


Dungeon Overview and Level Annotations

Branches:
Dungeon (4/15)
 Temple: D:4-7

Altars:
Nemelex Xobeh

Annotations:
D:2 Sigmund
D:3 Robin, Terence


Innate Abilities, Weirdness & Mutations

You have a pair of small horns on your head.
You regenerate a little health from kills.


Message History

The goblin hits you with a +0 club.
* * * LOW HITPOINT WARNING * * *
Unknown command.
Casting: Pain (safe; 1% risk of failure)
Confirm with . or Enter, or press ? or * to list all spells.
Aiming: Pain (safe; 1% risk of failure)
Press: ? - help, Shift-Dir - straight line, f/p - goblin
Aim: a goblin, wielding a +0 dagger and quivering 9 stones (chance to affect: 93%)
The goblin writhes in agony.
The goblin throws a stone.
The stone closely misses you. The hobgoblin completely misses you.
Unknown command.
Casting: Pain (safe; 1% risk of failure)
Confirm with . or Enter, or press ? or * to list all spells.
Aiming: Pain (safe; 1% risk of failure)
Press: ? - help, Shift-Dir - straight line, f/p - goblin
Aim: a goblin, wielding a +0 dagger and quivering 8 stones (severely wounded, chance to affect: 93%)
The goblin writhes in agony.
You kill the goblin!
The goblin hits you with a +0 club.
You die...

#..........#
#........S.# #.g@#
#.#.# .# ####@#S# gg
#....#w# .. #g
###.#..#.#####.... #.
#...#⌠.⌠.#.g...... #†
##.##.._..#@###...
#@###>.##.⌠.⌠gg...)....
#..#†.....#...########.
#.....##......#
#....###.####.#
#..#.####.####.#
#..#.###..#....#
..##........#### ..
###....### #


You could see 2 hobgoblins and a goblin.

Vanquished Creatures
  2 adders
  A worm (D:2)
  A leopard gecko (D:2)
  An orc (D:4)
  2 giant cockroaches
  9 goblins
  8 hobgoblins
  11 kobolds
  A quokka (D:4)
  A ball python (D:4)
  6 bats
  2 frilled lizards (D:2)
  A leopard gecko skeleton (D:4)
  4 rats
50 creatures vanquished.

Vanquished Creatures (collateral kills)
  A hobgoblin (D:3)
  A bat (D:1)
2 creatures vanquished.

Grand Total: 52 creatures vanquished

Notes
Turn   | Place    | Note
-------+----------+-------------------------------------------
     0 | D:1      | DocSulfur the Demonspawn Necromancer began the quest for
                  | the Orb.
     0 | D:1      | Reached XP level 1. HP: 13/13 MP: 3/3
     2 | D:1      | Learned a level 1 spell: Animate Skeleton
   437 | D:1      | Gained mutation: You regenerate a little health from kills.
                  | [demonic ancestry]
   437 | D:1      | Reached XP level 2. HP: 19/19 MP: 5/5
  1074 | D:2      | Gained mutation: You have a pair of small horns on your
                  | head. [demonic ancestry]
  1074 | D:2      | Reached XP level 3. HP: 24/24 MP: 5/7
  1076 | D:2      | Reached skill level 5 in Necromancy
  1113 | D:2      | Learned a level 3 spell: Vampiric Draining
  1497 | D:2      | Noticed Sigmund
  2101 | D:3      | Noticed Terence
  2191 | D:3      | Found a sparkling altar of Nemelex Xobeh.
  2205 | D:3      | Reached XP level 4. HP: 29/30 MP: 2/8
  2206 | D:3      | Noticed Robin
  2354 | D:3      | Slain by a goblin

Illustrated notes

Levels and vault maps discovered:
D:1:      dpeg_arrival_short_road, layout_basic
D:2:      layout_loops_ring, uniq_sigmund
D:3:      layout_rooms, nemelex_xobeh_ov_fountains_minmay, uniq_terence,
          uniq_robin
D:4:      layout_rooms, minmay_fractal_squares_diagonal_5

Skill      XL: |  1  2  3 |
---------------+----------+-----
Necromancy     | 5 |  5.4
Spellcasting   | 3 |  3.2
Dodging        | |  1.7
Stealth        | |  1.7

Action                   |  1- 3 |  4- 6 || total
-------------------------+-------+-------++-------
Melee: Unarmed           |     2 |       ||     2
       Dagger            |       |     9 ||     9
       Headbutt          |       |     1 ||     1
Throw: Javelin           |    14 |       ||    14
 Cast: Pain              |    66 |     6 ||    72
       Animate Skeleton  |     8 |     2 ||    10
 Stab: Sleeping          |       |     2 ||     2
Armor: Robe              |     4 |     2 ||     6
Dodge: Dodged            |    30 |    12 ||    42
